 Dungeon Crawl Stone Soup version 0.29.1-1-gd02db6906a (webtiles) character file.

Game seed: 4774793457652689183

495 hawla the Conjurer (level 6, -1/46 HPs)
             Began as a Draconian Conjurer on Oct 20, 2022.
             Slain by an ogre
             ... wielding a +0 giant club
              (16 damage)
             ... on level 6 of the Dungeon on Oct 21, 2022.
             The game lasted 00:18:41 (6531 turns).

hawla the Conjurer (Draconian Conjurer)             Turns: 6531, Time: 00:18:42

Health: -1/46      AC:  7    Str:  6 (9)  XL:     6   Next: 92%
Magic:  1/9        EV: 12    Int: 17 (18) God:
Gold:   125        SH:  0    Dex:  8 (10) Spells: 3/10 levels left

rFire   . . .      SeeInvis .   j - staff of death
rCold   . . .      Faith    .   (no shield)
rNeg    + . .      Spirit   .   (body armour unavailable)
rPois   .          Reflect  .   (helmet restricted)
rElec   .          Harm     .   c - +0 cloak
rCorr   .          Rampage  .   (no gloves)
Will    .....                   (no boots)
Stlth   +.........              (no amulet)
HPRegen 0.15/turn               (no ring)
MPRegen 0.11/turn               (no ring)

@: flying, very slightly contaminated
A: AC +6, unfitting armour, cold-blooded, dopey 1, subdued magic 1, MP-powered
wands
a: no special abilities


You were on level 6 of the Dungeon.
You visited 1 branch of the dungeon, and saw 6 of its levels.

You collected 229 gold pieces.
You spent 104 gold pieces at shops.

Inventory:

Armour
 c - a +0 cloak (worn)
Magical Staves
 e - a staff of cold
 j - a staff of death (weapon)
Jewellery
 f - a +4 ring of protection
 i - a ring of flight
Wands
 g - a wand of flame (17) (quivered)
Scrolls
 l - a scroll of amnesia
 n - a scroll of silence
Potions
 b - 2 potions of might
 d - a potion of cancellation
 o - a potion of lignification {unknown}


   Skills:
 - Level 0.6 Fighting
 - Level 2.6 Dodging
 - Level 1.7 Stealth
 - Level 2.5 Spellcasting
 * Level 7.1 Conjurations
 * Level 2.6 Translocations


You had 3 spell levels left.
You knew the following spells:

 Your Spells              Type           Power      Damage    Failure   Level
a - Magic Dart            Conj           80%        1d7       1%          1
b - Searing Ray           Conj           40%        2d5       1%          2
c - Iskenderun's Mystic   Conj/Tloc      14%        2d5       21%         4

Your spell library contained the following spells:

 Spells                   Type           Power      Damage    Failure   Level
 Dazzling Flash           Conj/Hex       22%        N/A       11%         3
 Sting                    Tmut/Pois      4%         1d3       16%         1
 Poisonous Vapours        Pois/Air       2%         N/A       24%         2
 Sublimation of Blood     Necr           2%         N/A       24%         2
 Fulminant Prism          Conj/Hex       5%         3d7       34%         4
 Irradiate                Conj/Tmut      5%         3d13      71%         5
 Olgreb's Toxic Radiance  Pois           1%         N/A       86%         4
 Petrify                  Tmut/Erth      1%         N/A       86%         4
 Blade Hands              Tmut           0%         N/A       99%         5
 Dragon Form              Tmut           0%         N/A       100%        7


Dungeon Overview and Level Annotations

Branches:
Dungeon (6/15)
 Temple: D:4-7

Altars:

Shops:
D:2 !

Annotations:
D:3 Grinder


Innate Abilities, Weirdness & Mutations

Your plain brown scales are hard. (AC +6)
You cannot fit into any form of body armour.
You are cold-blooded and may be slowed by cold attacks.
You are dopey. (Int -2)
Your spells are a little easier to cast, but a little less powerful.
You expend magic power (3 MP) to strengthen your wands.


Message History

The spell is quite dangerous to miscast (19% risk of failure)!
Continue anyway?
You erupt in a blast of force!
The mystic blast hits the ogre.
The ogre is heavily wounded.
The ogre hits you with a +0 giant club!
Unknown command.
Casting: Iskenderun's Mystic Blast (quite dangerous; 19% risk of failure)
Confirm with . or Enter, or press ? or * to list all spells.
The spell is quite dangerous to miscast (19% risk of failure)!
Continue anyway?
You miscast Iskenderun's Mystic Blast.
You are very lightly contaminated with residual magic.
Nothing appears to happen.
The gnoll misses you.
Unknown command.
The ogre barely misses you.
The gnoll hits you from afar with a +3 spear.
The gnoll closely misses you.
You climb downwards.
You hear the sound of rushing water.
There is an entrance to a sewer on this level.
Hurry and find it before the portal rusts away!
You hear the slow rusting of a distant drain.
There is a stone staircase leading up here.
The air fills with toxic fumes!
As you read the scroll labelled YSCHAKHLOAPO, it crumbles to dust.
It was a scroll of poison.
The ogre hits you with a +0 giant club!!
* * * LOW HITPOINT WARNING * * *
You hear an angry hiss.
Casting: Iskenderun's Mystic Blast (quite dangerous; 19% risk of failure)
Confirm with . or Enter, or press ? or * to list all spells.
You don't have enough magic to cast this spell.
You feel better.
It was a potion of degeneration.
There was something very wrong with that liquid.
You feel weakened.
You feel dopey.
You feel clumsy. The ogre closely misses you.
It was a potion of flight.
You feel very buoyant.
You fly up into the air.
A steam dragon comes into view.
The ogre hits you with a +0 giant club!
You die...

§§§ §§§ §§ §§#
§§ §§§# §# #§
§§§# #§§###§
§§D§
§#§§§§§##§§ §+
#§§§§§§§O#§§§#
#§§§§§@§§§§§#
#§§§§§§§§§§§##
§#§§#§§§§#§§§§§
#§§§§§§§§# §§§§
§ §§§§§§§§ §§#
§§§§§§§#### §§
§§§§§§§ §
#§§§##§


You could see a steam dragon and an ogre.

Vanquished Creatures
  2 ogres
  A bullfrog (D:4)
  A scorpion (D:4)
  An iguana (D:4)
  Robin (D:3)
  4 gnolls (D:4)
  A shadow imp (D:4)
  2 worms
  A dart slug (D:3)
  12 orcs
  4 ball pythons
  4 bats
  9 endoplasms
  3 giant cockroaches
  18 goblins
  4 hobgoblins
  14 jackals
  A quokka (D:4)
  5 frilled lizards
  8 kobolds
  5 rats
101 creatures vanquished.

Notes
Turn   | Place    | Note
-------+----------+-------------------------------------------
     0 | D:1      | hawla the Draconian Conjurer began the quest for the Orb.
     0 | D:1      | Reached XP level 1. HP: 14/14 MP: 3/3
   288 | D:1      | Reached XP level 2. HP: 10/20 MP: 0/5
   636 | D:1      | Learned a level 2 spell: Searing Ray
   721 | D:1      | HP: 1/20 [goblin/+0 club (2)]
  1030 | D:1      | Reached XP level 3. HP: 26/26 MP: 3/6
  1192 | D:1      | Found a faded altar of an unknown god.
  1519 | D:2      | Noticed Robin
  2038 | D:3      | Killed Robin
  2039 | D:3      | Reached XP level 4. HP: 30/34 MP: 1/7
  2104 | D:3      | Learned a level 4 spell: Iskenderun's Mystic Blast
  2657 | D:2      | Found Bead's Distillery.
  2665 | D:2      | Bought a potion of mutation for 104 gold pieces
  2665 | D:2      | Gained mutation: Your spells are a little easier to cast,
                  | but a little less powerful. [potion of mutation]
  2665 | D:2      | Gained mutation: You are dopey. (Int -2) [potion of
                  | mutation]
  2665 | D:2      | Gained mutation: You expend magic power (3 MP) to
                  | strengthen your wands. [potion of mutation]
  3288 | D:3      | Reached skill level 5 in Conjurations
  3950 | D:3      | Noticed Grinder
  3952 | D:3      | Paralysed by Grinder for 5 turns
  3959 | D:3      | Paralysed by Grinder for 2 turns
  4166 | D:3      | Paralysed by Grinder for 2 turns
  4484 | D:4      | Noticed an ogre
  4504 | D:4      | Reached skill level 1 in Translocations
  4504 | D:4      | Reached XP level 5. HP: 15/39 MP: 1/8
  4510 | D:4      | HP: 1/39 [gnoll/+0 club (7)]
  4937 | D:4      | Reached skill level 6 in Conjurations
  5131 | D:4      | Reached XP level 6. HP: 43/46 MP: 3/9
  5583 | D:5      | Entered Level 5 of the Dungeon
  5734 | D:5      | HP: 2/46 [orc/+4 morningstar (4)]
  6064 | D:5      | Reached skill level 7 in Conjurations
  6531 | D:6      | Noticed a steam dragon
  6531 | D:6      | Slain by an ogre

Illustrated notes

Levels and vault maps discovered:
D:1:      dpeg_arrival_three_same_balls, layout_basic, basic_ecumenical_altar
D:2:      layout_basic, serial_shops, nicolae_diamond_shop, uniq_robin
D:3:      layout_loops_ring, uniq_grinder
D:4:      layout_loops_cross
D:5:      layout_rooms, amcnicky_altar_gilded, minmay_temple_entry_glass
D:6:      layout_basic, nicolae_uskayaw_suspiria, lightli_sewer_entry_pipes,
          uniq_duvessa

Skill      XL: |  1  2  3  4  5  6 |
---------------+-------------------+-----
Dodging        | 2 |  2.6
Conjurations   | 5 6 7 |  7.1
Translocations | 1 2 |  2.6
Fighting       | |  0.6
Stealth        | |  1.7
Spellcasting   | |  2.5

Action                   |  1- 3 |  4- 6 || total
-------------------------+-------+-------++-------
Melee: Unarmed           |    80 |    31 ||   111
       Tailslap          |     9 |     9 ||    18
       Staff             |       |    93 ||    93
 Cast: Magic Dart        |    41 |    26 ||    67
       Searing Ray       |    17 |    26 ||    43
       Iskenderun's Myst |       |     8 ||     8
  Use: Scroll            |     3 |     9 ||    12
       Potion            |     1 |    13 ||    14
Armor: Skin              |    54 |    60 ||   114
Dodge: Dodged            |   115 |   144 ||   259
